 Dungeon Crawl Stone Soup version 0.28-a0-657-g71136c5590 (webtiles) character file.

Game seed: 11446150248217385266

4022 avis the Grappler (level 10, -3/75 (85) HPs)
             Began as an Octopode Transmuter on Oct 13, 2021.
             Was an Initiate of Gozag.
             Slain by an orc warrior (15 damage)
             ... on level 8 of the Dungeon on Oct 14, 2021.
             The game lasted 00:52:49 (8228 turns).

avis the Grappler (Octopode Transmuter)             Turns: 8228, Time: 00:52:49

HP:   -3/75 (85)    AC:  7    Str: 13    XL:     10   Next: 24%
MP:   9/13          EV: 10    Int: 16    God:    Gozag
Gold: 292           SH:  0    Dex: 12    Spells: 5/13 levels left

rFire   x . .      SeeInvis .     - Unarmed
rCold   + + +      Faith    .   (shield currently unavailable)
rNeg    . . .      Spirit   .   (helmet currently unavailable)
rPois   +          Reflect  .   b - amulet of regeneration
rElec   .          Harm     .   (no ring)
rCorr   .          Rampage  .   (no ring)
Will    .....                   (no ring)
Stlth   ++........              (no ring)
HPRegen 1.22/turn               (no ring)
MPRegen 0.13/turn               (no ring)
                                (no ring)
                                (no ring)

@: ice-form, gold aura, heavily drained
A: freezing attack, boosted hp, almost no armour, amphibious, 8 rings, large,
(camouflage 1), (gelatinous body 1), (nimble swimmer 1), (tentacles)
a: End Transformation, Renounce Religion, Potion Petition, Call Merchant, Bribe
Branch


You were on level 8 of the Dungeon.
You worshipped Gozag.
Gozag was aware of your devotion.
You were a creature of crystalline ice.
You visited 2 branches of the dungeon, and saw 9 of its levels.

You collected 575 gold pieces.
You spent 168 gold pieces at shops.
You paid 115 gold pieces to Gozag.

Inventory:

Hand Weapons
 a - a +1 whip of draining (melded)
 j - a +2 flail of protection
 k - a +3 quarterstaff
 F - a +1 flail of protection
 G - a +0 spear of venom
 I - a +1 dire flail of protection
 J - a +3 hand axe
 K - a +2 spear
Missiles
 g - 119 stones
 l - 9 poisoned darts
 q - 15 boomerangs
 y - 17 bolts
 z - 23 arrows
Jewellery
 b - an amulet of regeneration (around neck)
 x - an amulet of reflection
 E - an amulet of guardian spirit
 M - a ring of positive energy
Wands
 B - a wand of acid (9)
 D - a wand of flame (27)
 H - a wand of iceblast (11)
Scrolls
 d - a scroll of holy word {unknown}
 f - 3 scrolls of amnesia
 m - a scroll of enchant weapon {unknown}
 n - a scroll of vulnerability {unknown}
 o - 5 scrolls of identify
 p - 3 scrolls of noise {unknown}
 r - 3 scrolls of immolation {unknown}
 s - 5 scrolls of teleportation
 u - 4 scrolls of fear {unknown}
 w - 2 scrolls of magic mapping
 A - a scroll of summoning {unknown}
 C - a scroll of fog
Potions
 c - a potion of magic
 e - a potion of heal wounds
 h - a potion of haste
 i - 2 potions of brilliance
 t - a potion of degeneration
 v - a potion of lignification
 L - a potion of curing


   Skills:
 - Level 7.0 Fighting
 - Level 2.0 Dodging
 - Level 4.0 Stealth
 - Level 10.0 Unarmed Combat
 - Level 2.0 Spellcasting
 - Level 7.0 Transmutations
 * Level 4.2 Ice Magic


You had 5 spell levels left.
You knew the following spells:

 Your Spells              Type           Power      Damage    Failure   Level
a - Beastly Appendage     Tmut           48%        N/A       1%          1
p - Spider Form           Tmut/Pois      6%         N/A       14%         3
q - Ice Form              Ice/Tmut       19%        N/A       21%         4

Your spell library contained the following spells:

 Spells                   Type           Power      Damage    Failure   Level
 Wereblood                Tmut           24%        N/A       1%          2
 Apportation              Tloc           2%         N/A       21%         1
 Ignite Poison            Fire/Tmut/Pois 9%         N/A       24%         3
 Petrify                  Tmut/Erth      12%        N/A       43%         4
 Mephitic Cloud           Conj/Pois/Air  1%         N/A       52%         3
 Alistair's Intoxication  Tmut/Pois      8%         N/A       80%         5
 Metabolic Englaciation   Hex/Ice        4%         N/A       94%         5
 Freezing Cloud           Conj/Ice/Air   3%         6-21      97%         5
 Invisibility             Hex            0%         N/A       100%        6
 Statue Form              Tmut/Erth      8%         N/A       100%        6


Dungeon Overview and Level Annotations

Branches:
Dungeon (8/15)             Temple (1/1) D:5
   Lair: D:8-11

Altars:
Ashenzari
Cheibriados
Dithmenos
Elyvilon
Fedhas
Gozag
Hepliaklqana
Kikubaaqudgha
Makhleb
Nemelex Xobeh
Okawaru
Qazlal
Ru
Sif Muna
Trog
Uskayaw
Vehumet
Wu Jian
Xom
Yredelemnul
Zin
The Shining One

Shops:
D:6 ?   D:7 (*

Annotations:
D:8 3 runed translucent doors


Innate Abilities, Weirdness & Mutations

You are a creature of crystalline ice.
You have a powerful freezing melee attack.
Your maximum health is increased.
Your armour is entirely melded.
You are incapable of wielding weapons or throwing items.
You cannot wear most types of armour.
You are amphibious.
You can wear up to eight rings at the same time.
((Your skin changes colour to match your surroundings (Stealth+).))
((Your rubbery body absorbs attacks. (AC +1, EV +1)))
((You are camouflaged near water. (Stealth+)))
((You have tentacles for arms and can constrict up to eight enemies at once.))


Message History

The orc hits you but does no damage. x2
The killer bee zombie closely misses you.
You pummel the orc!! You freeze the orc.
You kill the orc!
The killer bee zombie hits you. The orc hits you but does no damage.
The orc warrior hits you with a +0 mace!
* * * LOW HITPOINT WARNING * * *
The orc is distracted by your dazzling golden aura.
The orc shouts!
Press: ? - help, v - describe, . - travel
Here: an orc, wielding a +0 dagger The floor.
You barely miss the orc.
The orc is no longer distracted by gold.
The killer bee zombie hits you.
* * * LOW HITPOINT WARNING * * *
The killer bee zombie closely misses you.
The orc hits you but does no damage.
The orc warrior hits you with a +0 mace.
* * * LOW HITPOINT WARNING * * *
You hit the orc. You freeze the orc.
You kill the orc!
The killer bee zombie hits you.
* * * LOW HITPOINT WARNING * * *
You pummel the orc!! You freeze the orc.
You kill the orc!
The killer bee zombie is distracted by your dazzling golden aura.
The orc warrior is distracted by your dazzling golden aura.
You barely miss the orc warrior.
The orc warrior is no longer distracted by gold.
The orc warrior shouts!
The killer bee zombie is no longer distracted by gold.
The killer bee zombie completely misses you.
The orc warrior hits you with a +0 mace.
* * * LOW HITPOINT WARNING * * *
You hit the orc warrior but do no damage.
The killer bee zombie barely misses you.
The orc warrior hits you with a +0 mace!
You die...
Your body crumbles into a pile of gold.

...............
...............
...............
...............
...............
....................
............Z$$......
..............Y$.....#
...............o$......#
..........)..###......##
$
.............+3#.....##
.............###....##
...................##
..................##
................###
.............####


You could see an orc warrior and a killer bee zombie.

Vanquished Creatures
  Prince Ribbit (D:6)
  Grinder (D:2)
  2 steam dragons
  Edmund (D:5)
  3 water moccasins
  A black bear (D:6)
  An orc warrior (D:6)
  2 ice beasts
  An ogre (D:7)
  A centaur (D:5)
  A necrophage (D:4)
  3 phantoms
  4 bullfrogs
  A gnoll sergeant (D:7)
  4 scorpions
  A wyvern zombie (D:6)
  5 wights
  2 howler monkeys
  4 bullfrog zombies (D:6)
  4 centaur zombies
  A hound (D:5)
  A centaur skeleton (D:5)
  4 bullfrog skeletons
  2 jellies
  6 orc priests
  4 orc wizards (D:6)
  A killer bee zombie (D:6)
  A hound zombie (D:5)
  A howler monkey zombie (D:6)
  16 gnolls
  8 adders
  2 shadow imps
  A white imp (D:3)
  2 ufetubi
  2 worms (D:2)
  34 orcs
  12 ball pythons
  2 bats
  8 endoplasms
  3 giant cockroaches
  5 hobgoblins
  10 jackals
  3 quokkas
  3 frilled lizards
  8 goblins
  5 kobolds
  4 rats
192 creatures vanquished.

Vanquished Creatures (others)
  A black bear (D:6)
  A hound (D:6)
  A bush (D:5)
3 creatures vanquished.

Grand Total: 195 creatures vanquished

Notes
Turn   | Place    | Note
-------+----------+-------------------------------------------
     0 | D:1      | avis the Octopode Transmuter began the quest for the Orb.
     0 | D:1      | Reached XP level 1. HP: 13/13 MP: 3/3
    19 | D:1      | Reached skill level 1 in Stealth
   144 | D:1      | Reached XP level 2. HP: 17/18 MP: 3/5
   617 | D:1      | Reached skill level 4 in Unarmed Combat
   617 | D:1      | Reached XP level 3. HP: 20/23 MP: 6/6
   621 | D:1      | Learned a level 3 spell: Spider Form
   716 | D:2      | Found a faded altar of an unknown god.
  1783 | D:3      | Reached XP level 4. HP: 25/29 MP: 3/7
  1944 | D:3      | Reached skill level 5 in Unarmed Combat
  1954 | D:3      | Reached XP level 5. HP: 26/35 MP: 0/8
  2458 | D:3      | Noticed Grinder
  2536 | D:2      | Killed Grinder
  2537 | D:2      | Reached skill level 6 in Unarmed Combat
  2537 | D:2      | Reached XP level 6. HP: 16/42 MP: 5/9
  3023 | D:4      | Reached XP level 7. HP: 48/48 MP: 7/10
  3676 | D:4      | Learned a level 4 spell: Ice Form
  3907 | D:5      | Entered Level 5 of the Dungeon
  3922 | D:4      | Reached skill level 7 in Unarmed Combat
  4369 | D:5      | Reached skill level 5 in Fighting
  4369 | D:5      | Reached XP level 8. HP: 55/55 MP: 7/11
  4414 | D:5      | Reached skill level 5 in Transmutations
  4694 | D:5      | Found a staircase to the Ecumenical Temple.
  4706 | Temple   | Entered the Ecumenical Temple
  4850 | D:5      | Reached skill level 8 in Unarmed Combat
  4895 | D:5      | Reached skill level 1 in Ice Magic
  5235 | D:5      | Upgraded the game from 0.28-a0-655-g4eb62b627b to
                  | 0.28-a0-657-g71136c5590
  5373 | D:6      | Found a blossoming altar of Fedhas.
  5435 | D:6      | Noticed Edmund
  5456 | D:5      | Killed Edmund
  5457 | D:5      | Reached skill level 9 in Unarmed Combat
  5493 | D:6      | Reached XP level 9. HP: 53/61 MP: 9/12
  5689 | D:6      | Noticed Prince Ribbit
  5704 | D:6      | Killed Prince Ribbit
  5749 | D:6      | Found a faded altar of an unknown god.
  5755 | D:6      | Found a hazy altar of Hepliaklqana.
  6065 | D:6      | Found Ytuale's Magic Scroll Shoppe.
  6323 | D:6      | Found a basalt altar of Yredelemnul.
  6339 | D:6      | Found a shimmering altar of Xom.
  6349 | D:6      | Reached skill level 10 in Unarmed Combat
  6807 | D:7      | Found an opulent altar of Gozag.
  6880 | D:7      | Became a worshipper of Gozag Ym Sagoz the Greedy
  7042 | D:7      | Found Fazol's General Store.
  7146 | D:6      | Bought a scroll of identify for 24 gold pieces
  7146 | D:6      | Bought a scroll of magic mapping for 42 gold pieces
  7146 | D:6      | Bought a scroll of teleportation for 36 gold pieces
  7146 | D:6      | Bought a scroll of amnesia for 42 gold pieces
  7146 | D:6      | Bought a scroll of fog for 24 gold pieces
  7320 | D:7      | Reached XP level 10. HP: 56/68 MP: 10/13
  7387 | D:7      | Found Moarai Qeur's Antique Weapon Boutique.
  8165 | D:8      | Found a runed translucent door.
  8173 | D:8      | Found a runed translucent door.
  8203 | D:8      | Found a runed translucent door.
  8204 | D:8      | Found a burning altar of Makhleb.
  8204 | D:8      | Noticed a sixfirhy
  8228 | D:8      | Slain by an orc warrior

Illustrated notes

Levels and vault maps discovered:
D:1:      mrwooster_arrival_statue_3, layout_rooms, minmay_pentomino_r2
D:2:      layout_basic, hellmonk_ecumenical_altar_arch_garden
D:3:      kennysheep_big_flooded_room, layout_basic, st_stairs_7, uniq_grinder
D:4:      layout_basic
D:5:      layout_rooms, temple_doors_e, kb_lookout_dungeons_type,
          interstate_on_off, grunt_ministairs_14
D:6:      layout_loops_ring, beargit_hepliaklqana_dungeon_heroes,
          nicolae_yredelemnul_corpse_copse, fedhas_altar_4, xom_confusion_cloud,
          serial_shops, nicolae_inconvenience_store, uniq_edmund,
          uniq_prince_ribbit1
D:7:      layout_basic, lemuel_doored_altar, serial_shops, shop, shop,
          minmay_misc_feat_square
D:8:      lemuel_insect_pit, layout_layer_cave, nzn_makhleb_speed_demon,
          uniq_maggie
Temple:   lightli_temple_of_artemis

Skill      XL: |  1  2  3  4  5  6  7  8  9 10 |
---------------+-------------------------------+-----
Stealth        | 1 2 4 |  4.0
Unarmed Combat | 4 5 6 7 9 10 | 10.0
Fighting       | 2 3 4 5 6 7 |  7.0
Transmutations | 3 4 5 6 7 |  7.0
Ice Magic      | 2 4 |  4.2
Dodging        | |  2.0
Spellcasting   | |  2.0

Action                   |  1- 3 |  4- 6 |  7- 9 | 10-12 || total
-------------------------+-------+-------+-------+-------++-------
Melee: Unarmed           |    31 |    26 |   325 |    63 ||   445
       Constrict         |    21 |     9 |    12 |     1 ||    43
       Kick              |    14 |     5 |     8 |     2 ||    29
       Whip              |    59 |    36 |    45 |     2 ||   142
       Tentacles         |    12 |     6 |     5 |     1 ||    24
       Punch             |     3 |       |     5 |       ||     8
 Cast: Beastly Appendage |    34 |     9 |     4 |     1 ||    48
       Spider Form       |     1 |     8 |    53 |     3 ||    65
       Ice Form          |       |       |       |     6 ||     6
  Use: Potion            |       |       |     4 |       ||     4
       Scroll            |       |       |     4 |       ||     4
 Stab: Sleeping          |     5 |     2 |     7 |       ||    14
Armor: Skin              |    10 |     3 |    30 |    12 ||    55
Dodge: Dodged            |    46 |    36 |   332 |    45 ||   459

Table legend: (Time is in decaauts)
 A = Elapsed time spent in this place.
 B = Non-inter-level travel time spent in this place.
 C = Inter-level travel time spent in this place.
 D = Time resting spent in this place.
 E = Time spent auto-exploring this place.
 F = Levels seen in this place.
 G = Mean time per level.
                   A        B        C        D        E       F      G
               +--------+--------+--------+--------+--------+-----+--------+
         Total |   8200 |   7530 |    670 |   1989 |   2946 |   9 |  911.1 |
       Dungeon |   8090 |   7426 |    664 |   1989 |   2864 |   8 | 1011.2 |
        Temple |    109 |    103 |      6 |      0 |     82 |   1 |  109.0 |
               +--------+--------+--------+--------+--------+-----+--------+

Top non-repeatable levels by time:
     D:6: 1406 daAuts
     D:4: 1225 daAuts
     D:3: 1129 daAuts
     D:7: 1125 daAuts
     D:5: 1060 daAuts
     D:2: 1002 daAuts
     D:1: 931 daAuts
     D:8: 211 daAuts
  Temple: 109 daAuts
